 Dungeon Crawl Stone Soup version 0.30-a0-715-gdb4ae3ece1 (webtiles) character file.

Game seed: 9862350541703076477

831 pokeman the Thaumaturge (level 7, -1/40 HPs)
             Began as a Deep Elf Hedge Wizard on Jan 23, 2023.
             Slain by Pikel
             ... wielding a +0 whip of flaming
              (2 damage)
             ... on level 5 of the Dungeon.
             The game lasted 00:09:39 (5744 turns).

pokeman the Thaumaturge (Deep Elf Hedge Wizard)     Turns: 5744, Time: 00:09:39

Health: -1/40      AC:  4    Str:  7    XL:     7   Next: 65%
Magic:  16/20      EV: 13    Int: 27    God:
Gold:   207        SH:  0    Dex: 14    Spells: 14/22 levels left

rFire   . . .      SeeInvis .    s - +2 short sword (venom)
rCold   . . .      Faith    .    (no shield)
rNeg    . . .      Spirit   .    b - +0 robe
rPois   .          Reflect  .    q - +0 helmet
rElec   .          Harm     .    (no cloak)
rCorr   .          Rampage  .    (no gloves)
Will    .....                    j - +0 pair of boots
Stlth   ++                       (no amulet)
HPRegen 0.26/turn                B - +6 ring of intelligence
MPRegen 0.17/turn                (no ring)

@: no status effects
A: no striking features
a: no special abilities


You were on level 5 of the Dungeon.
You visited 1 branch of the dungeon, and saw 5 of its levels.

You collected 313 gold pieces.
You spent 106 gold pieces at shops.

Inventory:

Hand Weapons
 s - a +2 short sword of venom (weapon)
Armour
 b - a +0 robe (worn)
 j - a +0 pair of boots (worn)
 q - a +0 helmet (worn)
 y - a +0 ring mail of cold resistance
Jewellery
 w - a ring of fire
 A - an amulet of faith
 B - a +6 ring of intelligence (left hand)
Scrolls
 a - 2 scrolls of enchant armour {unknown}
 g - 2 scrolls of teleportation
 i - 3 scrolls of identify {unknown}
 m - a scroll of amnesia {unknown}
 o - a scroll of noise {unknown}
 p - a scroll of enchant weapon {unknown}
 v - a scroll of blinking {unknown}
 x - a scroll of silence {unknown}
 z - a scroll of fog {unknown}
Potions
 c - a potion of degeneration {unknown}
 d - a potion of magic
 e - 2 potions of mutation {unknown}
 f - a potion of berserk rage {unknown}
 h - 3 potions of curing
 k - 2 potions of might {unknown}
 l - a potion of ambrosia {unknown}
 n - 3 potions of heal wounds {unknown}
 r - a potion of invisibility {unknown}
 t - a potion of flight {unknown}
 u - a potion of attraction {unknown}
 C - 2 potions of lignification {unknown}


   Skills:
 - Level 2.1 Fighting
 + Level 1.3 Armour
 - Level 3.0 Dodging
 - Level 3.0 Stealth
 * Level 8.1 Spellcasting
 + Level 5.7 Conjurations
 - Level 1.1 Summonings
 - Level 1.1 Translocations
 - Level 1.0 Air Magic
 - Level 1.1 Poison Magic


You had 14 spell levels left.
You knew the following spells:

 Your Spells              Type           Power      Damage    Failure   Level
a - Magic Dart            Conj           100%       1d8       1%          1
b - Mephitic Cloud        Conj/Pois/Air  25%        N/A       5%          3
c - Call Imp              Summ           16%        N/A       4%          2
d - Blink                 Tloc           32%        N/A       4%          2

Your spell library contained the following spells:

 Spells                   Type           Power      Damage    Failure   Level
 Momentum Strike          Conj/Tloc      58%        3d9       1%          2
 Sting                    Tmut/Pois      52%        1d5       4%          1
 Lesser Beckoning         Tloc           32%        N/A       4%          2
 Poisonous Vapours        Pois/Air       32%        N/A       4%          2
 Slow                     Hex            40%        N/A       5%          1
 Cigotuvi's Dreadful Rot  Necr/Pois/Air  28%        N/A       6%          2
 Ozocubu's Armour         Ice            10%        N/A       16%         3
 Olgreb's Toxic Radiance  Pois           16%        N/A       32%         4
 Ozocubu's Refrigeration  Ice            5%         4d8       100%        7


Dungeon Overview and Level Annotations

Branches:
Dungeon (5/15)
 Temple: D:4-7

Altars:
Kikubaaqudgha
Qazlal
Ru

Shops:
D:1 ?   D:3 *

Annotations:
D:5 Pikel


Message History

You choke on the stench!
You are more confused.
The lemure is engulfed in noxious fumes.
The lemure appears confused.
Pikel is engulfed in noxious fumes.
Pikel appears confused.
You bump into the rock wall.
You are engulfed in noxious fumes.
You choke on the stench!
You are more confused.
The lemure barely misses Pikel.
Pikel drinks a potion.
Pikel seems less confused.
You bump into the rock wall.
You are engulfed in noxious fumes.
You choke on the stench!
You are more confused.
Pikel hits you with a +0 whip of flaming.
Pikel burns you.
Pikel hits you with a +0 whip of flaming.
Pikel burns you. Pikel barely misses you.
Pikel hits you with a +0 whip of flaming.
Pikel burns you.
The lemure hits Pikel.
Pikel hits you with a +0 whip of flaming!
Pikel burns you.
The lemure completely misses Pikel.
Pikel hits you with a +0 whip of flaming!
* * * LOW HITPOINT WARNING * * *
Pikel burns you.
* * * LOW HITPOINT WARNING * * *
You hit Pikel but do no damage.
Pikel is poisoned.
Pikel is lightly wounded.
Pikel hits you with a +0 whip of flaming.
* * * LOW HITPOINT WARNING * * *
Pikel burns you.
* * * LOW HITPOINT WARNING * * *
You bump into the rock wall.
You feel less confused.
Pikel hits you with a +0 whip of flaming.
* * * LOW HITPOINT WARNING * * *
Pikel burns you.
You die...

#.# #.# #. #.# #.# #.##.#
#.# .. #.##.# #.#
#.#####.##.#### ##.#
#.......##....# #..#
#.<.....#####.# #.##
#..#.#...####.## #.#
#.........K@...# #.#####
#.......####..###.....##
#......## #.).).......#
##.....# #...###~###.#
#.....# #.).# ≈#. ..
#####.#.#####.###.#≈#.#
..................#≈#...
..............###.#≈#.###
#####<.....##...# ≈#.#


You could see Pikel (very poisoned).

Vanquished Creatures
  Sigmund (D:3)
  Menkaure (D:5)
  2 lemures
  2 scorpions (D:5)
  A howler monkey (D:4)
  2 quasits (D:4)
  An iguana (D:5)
  2 orc wizards
  4 gnolls (D:3)
  7 adders
  A shadow imp (D:4)
  2 white imps (D:4)
  3 ufetubi
  3 worms
  A dart slug (D:3)
  17 orcs
  6 ball pythons
  8 endoplasms
  5 giant cockroaches
  11 goblins
  7 hobgoblins
  A jackal (D:4)
  7 kobolds
  2 quokkas
  8 bats
  3 frilled lizards
  4 rats
112 creatures vanquished.

Vanquished Creatures (collateral kills)
  A worm (D:2)
  An orc (D:4)
  A ball python (D:4)
3 creatures vanquished.

Vanquished Creatures (others)
  12 demonic plants (D:4)
  10 plants (D:2)
22 creatures vanquished.

Grand Total: 137 creatures vanquished

Notes
Turn   | Place    | Note
-------+----------+-------------------------------------------
     0 | D:1      | pokeman the Deep Elf Hedge Wizard began the quest for the
                  | Orb.
     0 | D:1      | Reached XP level 1. HP: 10/10 MP: 7/7
   348 | D:1      | Reached XP level 2. HP: 16/16 MP: 1/9
   621 | D:1      | Found Behihud's Magic Scroll Shoppe.
   624 | D:1      | Bought a scroll of teleportation for 30 gold pieces
   985 | D:1      | Reached skill level 5 in Spellcasting
  1006 | D:1      | Found a faded altar of an unknown god.
  1456 | D:2      | Reached XP level 3. HP: 20/20 MP: 9/11
  1460 | D:2      | Learned a level 3 spell: Mephitic Cloud
  1463 | D:2      | Learned a level 2 spell: Call Imp
  1466 | D:2      | Learned a level 2 spell: Blink
  1876 | D:2      | Reached skill level 1 in Fighting
  2582 | D:3      | Reached skill level 1 in Armour
  2711 | D:3      | Reached XP level 4. HP: 25/25 MP: 7/13
  2855 | D:3      | Found Yfitiel's Assorted Antiques.
  2882 | D:3      | Bought a puce potion for 18 gold pieces
  2882 | D:3      | Bought a scroll labelled CIEXTESUHE for 20 gold pieces
  2882 | D:3      | Bought a yellow potion for 18 gold pieces
  2882 | D:3      | Bought a scroll labelled CIEXTESUHE for 20 gold pieces
  2997 | D:3      | Found an ancient bone altar of Kikubaaqudgha.
  3279 | D:3      | Noticed Sigmund
  3289 | D:3      | Killed Sigmund
  3290 | D:3      | Reached XP level 5. HP: 29/29 MP: 3/15
  3290 | D:3      | Reached XP level 6. HP: 34/34 MP: 3/16
  3294 | D:3      | Reached skill level 6 in Spellcasting
  3614 | D:3      | Found a stormy altar of Qazlal.
  3906 | D:4      | Reached skill level 1 in Poison Magic
  3983 | D:4      | Reached skill level 5 in Conjurations
  4117 | D:4      | Reached skill level 1 in Air Magic
  4390 | D:4      | Found a sacrificial altar of Ru.
  4983 | D:5      | Entered Level 5 of the Dungeon
  4986 | D:5      | Noticed Pikel
  5085 | D:5      | Noticed Menkaure
  5093 | D:5      | Killed Menkaure
  5094 | D:5      | Reached skill level 7 in Spellcasting
  5094 | D:5      | Reached XP level 7. HP: 9/39 MP: 10/19
  5573 | D:5      | Reached skill level 8 in Spellcasting
  5744 | D:5      | HP: 1/40 [Pikel/+0 whip of flaming (3)]
  5744 | D:5      | Slain by Pikel

Illustrated notes

Levels and vault maps discovered:
D:1:      minmay_arrival_doors, layout_basic, hellmonk_ecumenical_altar_blasted,
          serial_shops, nicolae_shop_behind_doors,
          chequers_serial_rivers_large_a
D:2:      layout_loops_ring, serial_forest, infiniplex_forest_lined_2,
          infiniplex_forest_clump_medium, infiniplex_forest_clump_diagonal,
          infiniplex_forest_clump_large, infiniplex_forest_end_2,
          infiniplex_forest_straight_2, infiniplex_forest_clump_small
D:3:      layout_loops_ring, mainiacjoe_overflow_surrounded_room,
          mainiacjoe_overflow_alcove_4, serial_shops, shop_statue, uniq_sigmund
D:4:      minmay_recursive_quarters, layout_basic, hangedman_ru_absence,
          serial_demonic, serial_demonic_b, serial_demonic_f, serial_demonic_b,
          serial_demonic_c, serial_demonic_e, serial_demonic_g,
          serial_demonic_d, serial_demonic_g, minivault_4
D:5:      layout_loops_ring, grunt_decor_cap, grunt_ministairs_11, uniq_pikel,
          uniq_menkaure

Skill      XL: |  1  2  3  4  5  6  7 |
---------------+----------------------+-----
Spellcasting   | 5 7 8 |  8.1
Fighting       | 1 2 |  2.1
Conjurations   | 2 4 5 |  5.7
Armour         | 1 |  1.3
Dodging        | 3 |  3.0
Stealth        | 3 |  3.0
Poison Magic   | 1 |  1.1
Air Magic      | 1 |  1.0
Summonings     | |  1.1
Translocations | |  1.1

Action                     |  1- 3 |  4- 6 |  7- 9 || total
---------------------------+-------+-------+-------++-------
  Melee: Dagger            |    24 |       |       ||    24
         Short sword       |       |    29 |    15 ||    44
   Cast: Magic Dart        |    97 |   130 |    41 ||   268
         Call Imp          |     7 |     1 |       ||     8
         Mephitic Cloud    |     1 |     6 |     4 ||    11
         Blink             |       |     1 |     1 ||     2
   Stab: Sleeping          |     1 |     1 |       ||     2
         Confused          |       |     5 |     1 ||     6
 Armour: Robe              |    12 |    26 |     1 ||    39
  Dodge: Dodged            |    33 |    58 |     9 ||   100

Table legend: (Time is in decaauts)
 A = Elapsed time spent in this place.
 B = Non-inter-level travel time spent in this place.
 C = Inter-level travel time spent in this place.
 D = Time resting spent in this place.
 E = Time spent auto-exploring this place.
 F = Levels seen in this place.
 G = Mean time per level.
                   A        B        C        D        E       F      G
               +--------+--------+--------+--------+--------+-----+--------+
         Total |   5750 |   5553 |    197 |      0 |   4802 |   5 | 1150.0 |
       Dungeon |   5750 |   5553 |    197 |      0 |   4802 |   5 | 1150.0 |
               +--------+--------+--------+--------+--------+-----+--------+

Top non-repeatable levels by time:
     D:4: 1382 daAuts
     D:1: 1357 daAuts
     D:2: 1170 daAuts
     D:3: 1142 daAuts
     D:5: 697 daAuts
